 Dungeon Crawl Stone Soup version 0.28.0-45-g0d030f2227 (webtiles) character file.

Game seed: 10794933070952529669

1705 Peloso the Carver (level 8, 0/69 HPs)
             Began as a Minotaur Fighter on Mar 30, 2022.
             Killed from afar by a white imp (6 damage)
             ... with a puff of frost
             ... on level 7 of the Dungeon.
             The game lasted 00:08:13 (5616 turns).

Peloso the Carver (Minotaur Fighter)                Turns: 5616, Time: 00:08:14

Health: 0/69       AC: 16    Str: 31    XL:     8   Next: 73%
Magic:  7/7        EV:  6    Int:  5    God:
Gold:   309        SH: 11    Dex: 16    Spells: 7/7 levels left

rFire   . . .      SeeInvis .   a - +0 long sword
rCold   . . .      Faith    .   c - +0 kite shield
rNeg    . . .      Spirit   .   o - +0 plate armour
rPois   .          Reflect  .   (helmet restricted)
rElec   .          Harm     .   (no cloak)
rCorr   .          Rampage  .   (no gloves)
Will    .....                   h - +2 pair of boots {Stlth+}
Stlth   ..........              (no amulet)
HPRegen 0.21/turn               u - ring "Pisinu" {*Slow Fly Str+4 Dex+4 Stlth+}
MPRegen 0.10/turn               w - +6 ring of strength

@: flying
A: horns 2, retaliatory headbutt
a: no special abilities


You were on level 7 of the Dungeon.
You visited 1 branch of the dungeon, and saw 7 of its levels.

You collected 309 gold pieces.

Inventory:

Hand Weapons
 a - a +0 long sword (weapon)
Missiles
 z - 4 throwing nets (quivered)
Armour
 b - a +0 scale mail
 c - a +0 kite shield (worn)
 h - a +2 pair of boots of stealth (worn)
 o - a +0 plate armour (worn)
Jewellery
 u - the ring "Pisinu" (left hand) {*Slow Fly Str+4 Dex+4 Stlth+}
   (You found it on level 5 of the Dungeon)

   [ring of flight]

   Str:       It affects your strength (+4).
   Dex:       It affects your dexterity (+4).
   Fly:       It grants you flight.
   *Slow:     It may slow you when you take damage.
   Stlth:     It makes you more stealthy.
 w - a +6 ring of strength (right hand)
Wands
 p - a wand of polymorph (13)
Scrolls
 i - a scroll of torment {unknown}
 l - a scroll of enchant armour {unknown}
 m - a scroll of blinking {unknown}
 n - a scroll of fear {unknown}
 q - 2 scrolls of teleportation {unknown}
 s - a scroll of magic mapping {unknown}
 t - a scroll of identify
 y - 2 scrolls of immolation {unknown}
Potions
 d - 2 potions of might
 e - 2 potions of curing
 f - a potion of berserk rage
 g - a potion of lignification {unknown}
 j - 2 potions of haste {unknown}
 k - 2 potions of heal wounds {unknown}
 r - a potion of degeneration {unknown}
 v - a potion of ambrosia {unknown}
 x - a potion of invisibility {unknown}


   Skills:
 + Level 5.6 Fighting
 + Level 8.7 Long Blades
 + Level 7.1 Armour
 + Level 0.6 Dodging
 + Level 0.2 Stealth
 + Level 8.1 Shields


You had 7 spell levels left.
You didn't know any spells.
Your spell library contained the following spells:

 Spells                   Type           Power      Damage    Failure   Level
 Gell's Gravitas          Tloc           0%         N/A       100%        3
 Lesser Beckoning         Tloc           0%         N/A       100%        3
 Teleport Other           Tloc           0%         N/A       100%        3


Dungeon Overview and Level Annotations

Branches:
Dungeon (7/15)
 Temple: D:4-7

Altars:
Cheibriados
Fedhas
Gozag
Qazlal
Ru
Xom
Yredelemnul

Shops:
D:3 [


Innate Abilities, Weirdness & Mutations

You have a pair of horns on your head.
You reflexively headbutt those who attack you in melee.


Message History

The steam dragon breathes steam at you. The ball of steam hits you!
You barely miss the steam dragon. Your headbutt misses the steam dragon.
The steam dragon is moderately wounded.
You are engulfed in a cloud of scalding steam.
* * * LOW HITPOINT WARNING * * *
A white imp comes into view.
The steam dragon bites you.
* * * LOW HITPOINT WARNING * * *
The steam dragon claws you but does no damage.
You slash the steam dragon!
The steam dragon is almost dead.
You block the steam dragon's attack. x2
Unknown command.
You hit the steam dragon but do no damage.
The steam dragon is almost dead.
The steam dragon breathes steam at you. The ball of steam misses you.
Unknown command.
You hit the steam dragon.
The steam dragon is almost dead.
You are engulfed in a cloud of scalding steam.
* * * LOW HITPOINT WARNING * * *
The steam dragon barely misses you. You block the steam dragon's attack.
The white imp grinds its teeth.
Unknown command.
You slash the steam dragon!
You kill the steam dragon!
The steam dragon scales are intact enough to wear.
You are engulfed in a cloud of scalding steam.
* * * LOW HITPOINT WARNING * * *
Your Armour skill increases to level 7!
Your Shields skill increases to level 8!
The white imp is engulfed in a cloud of scalding steam.
Things that are here:
a +3 dagger; a +0 robe
There is a stone staircase leading up, spattered with blood here.
The white imp gestures at you. The puff of frost hits you.
You die...

#.# #.# #.# ###
#.# .... #.#
..... #.#######
.!....##)##@...#
......[..5)).#.#
#(.......##)##
.......#....#
#.########### .


You could see a white imp.

Vanquished Creatures
  A steam dragon (D:7)
  Duvessa (D:5)
  An ice beast (D:6)
  An ogre (D:4)
  2 sky beasts
  A phantom (D:4)
  A wyvern zombie (D:6)
  Dowan (D:5)
  2 water moccasin skeletons (D:4)
  8 wights
  A centaur zombie (D:5)
  2 jellies
  An orc priest (D:5)
  3 hounds
  Jessica (D:3)
  An orc wizard (D:6)
  7 gnolls
  8 adders
  2 adder skeletons (D:4)
  4 worms
  A dart slug (D:4)
  8 orcs
  13 ball pythons
  5 bats
  3 endoplasms
  4 giant cockroaches
  12 hobgoblins
  2 jackals (D:3)
  3 kobolds
  5 quokkas
  2 frilled lizards (D:1)
  13 goblins
  3 rats
123 creatures vanquished.

Vanquished Creatures (others)
  4 plants (D:3)
4 creatures vanquished.

Grand Total: 127 creatures vanquished

Notes
Turn   | Place    | Note
-------+----------+-------------------------------------------
     0 | D:1      | Peloso the Minotaur Fighter began the quest for the Orb.
     0 | D:1      | Reached XP level 1. HP: 19/19 MP: 0/0
   334 | D:1      | Reached XP level 2. HP: 24/27 MP: 1/1
   772 | D:1      | Found an opulent altar of Gozag.
   897 | D:2      | Reached XP level 3. HP: 28/33 MP: 2/2
  1188 | D:2      | Found a faded altar of an unknown god.
  1894 | D:3      | Found a shimmering altar of Xom.
  1917 | D:3      | Found a blossoming altar of Fedhas.
  1921 | D:3      | Found a stormy altar of Qazlal.
  1957 | D:3      | Reached XP level 4. HP: 29/40 MP: 3/3
  2100 | D:3      | Found Aneil's Antique Armour Emporium.
  2195 | D:3      | Noticed Jessica
  2204 | D:3      | Killed Jessica
  2378 | D:3      | Reached XP level 5. HP: 42/46 MP: 4/4
  2422 | D:3      | Reached skill level 5 in Shields
  2544 | D:3      | Found a snail-covered altar of Cheibriados.
  2948 | D:4      | Noticed a phantom
  2974 | D:4      | Killed a phantom
  2975 | D:4      | Reached skill level 5 in Long Blades
  2975 | D:4      | Reached XP level 6. HP: 22/52 MP: 5/5
  2979 | D:4      | Reached skill level 5 in Armour
  3234 | D:4      | Found an opulent altar of Gozag.
  3580 | D:4      | HP: 2/53 [ogre/+0 giant club (8)]
  3996 | D:5      | Entered Level 5 of the Dungeon
  4023 | D:5      | Reached XP level 7. HP: 47/60 MP: 6/6
  4088 | D:5      | Noticed Dowan
  4089 | D:5      | Noticed Duvessa
  4111 | D:5      | Killed Duvessa
  4123 | D:5      | Killed Dowan
  4230 | D:5      | Identified the ring "Pisinu" {*Slow Fly Str+4 Dex+4 Stlth+}
  4854 | D:6      | Reached skill level 5 in Fighting
  4854 | D:6      | Reached XP level 8. HP: 48/68 MP: 7/7
  5367 | D:6      | Found a basalt altar of Yredelemnul.
  5367 | D:6      | Found a sacrificial altar of Ru.
  5616 | D:7      | Killed from afar by a white imp

Illustrated notes

Levels and vault maps discovered:
D:1:      dpeg_arrival_windows_large_door, layout_loops_cross, minivault_14,
          minmay_strange_pillars, kennysheep_flooded_box, minmay_unequal
D:2:      layout_loops_corners, hellmonk_ecumenical_altar_inner_sanctum
D:3:      cheibrodos_greedy_goblins, layout_basic,
          grunt_temple_overflow_forces_of_nature, xom_teletrap_fun,
          cheibriados_altar_1, serial_shops, shop, kennysheep_jessica_study
D:4:      layout_layer_cave, kennysheep_little_box,
          nicolae_concentric_dashed_squares_mild
D:5:      layout_loops_ring, uniq_duvessa
D:6:      layout_rooms, gammafunk_temple_overflow_wave, minmay_misc_feat_square,
          due_unseen_surprise
D:7:      layout_basic, mainiacjoe_overflow_chevrons, nemelex_dance_club_becter,
          nicolae_ashenzari_skybound, mainiacjoe_overflow_concentric_impassable,
          minmay_temple_entry_glass

Skill      XL: |  1  2  3  4  5  6  7  8 |
---------------+-------------------------+-----
Armour         | 4 5 6 7 |  7.1
Shields        | 4 5 6 8 |  8.1
Long Blades    | 3 4 5 6 7 8 |  8.7
Fighting       | 4 5 |  5.6
Dodging        | |  0.6
Stealth        | |  0.2

Action                   |  1- 3 |  4- 6 |  7- 9 || total
-------------------------+-------+-------+-------++-------
Melee: Long sword        |    94 |   145 |   133 ||   372
       Headbutt          |     9 |    21 |    23 ||    53
  Use: Scroll            |       |     2 |       ||     2
Armor: Scale mail        |    42 |       |       ||    42
       Plate armour      |    30 |   110 |    90 ||   230
Dodge: Dodged            |    39 |    34 |    35 ||   108
Block: Buckler           |    35 |    17 |       ||    52
       Kite shield       |       |    31 |    82 ||   113
